 Dungeon Crawl Stone Soup version 0.18-a0-1180-g64ccc1e (webtiles) character file.

16 Leszczynek the Sneak (level 2, -1/22 HPs)
             Began as a Naga Wizard on Jan 27, 2016.
             Slain by a jackal (2 damage)
             ... on level 1 of the Dungeon.
             The game lasted 00:02:08 (902 turns).

Leszczynek the Sneak (Naga Wizard)                   Turns: 902, Time: 00:02:09

Health: -1/22      AC:  1    Str:  9    XL:     2   Next: 54%
Magic:  1/6        EV:  9    Int: 18    God:
Gold:   47         SH:  0    Dex:  9    Spells: 3 memorised, 2 levels left

rFire  . . .     SeeInvis +       - Unarmed
rCold  . . .     Gourm    .     h - +0 robe (curse)
rNeg   . . .     Faith    .     (no shield)
rPois  +         Spirit   .     b - +0 hat
rElec  .         Dismiss  .     (no cloak)
rCorr  .         Reflect  .     (no gloves)
SustAt .         Harm     .     (no barding)
MR     .....                    (no amulet)
Stlth  ++........               (no ring)
                                (no ring)

@: repel missiles, very slow, not resistant to hostile enchantments, unstealthy
A: see invisible, deformed body, poison resistance, slowness 2, slow metabolism
1, spit poison 2, AC +0
a: Spit Poison


You were on level 1 of the Dungeon.
You were not hungry.

You visited 1 branch of the dungeon, and saw 1 of its levels.

You collected 47 gold pieces.

Inventory:

Armour
 b - a +0 hat (worn)
 h - a cursed +0 robe (worn)
Scrolls
 e - 3 scrolls of identify {unknown}
Potions
 a - a potion of magic {unknown}
Books
 c - a book of Minor Magic

   Spells                             Type                      Level
   a - Magic Dart                     Conjuration                  1
   b - Blink                          Translocation                2
   c - Call Imp                       Summoning                    2
   d - Repel Missiles                 Charms/Air                   2
   e - Slow                           Hexes                        2
   f - Conjure Flame                  Conjuration/Fire             3
   g - Mephitic Cloud                 Conjuration/Poison/Air       3
Comestibles
 d - a bread ration
 f - 2 chunks of flesh
 g - a meat ration


   Skills:
 - Level 1.5 Dodging
 - Level 3.0 Stealth
 + Level 2.1 Unarmed Combat
 - Level 3.0 Spellcasting
 - Level 1.0 Conjurations
   Level 1.0 Summonings
   Level 1.0 Translocations


You had 2 spell levels left.
You knew the following spells:

 Your Spells              Type           Power        Failure   Level  Hunger
a - Magic Dart            Conj           #...         12%         1    None
b - Repel Missiles        Chrm/Air       #.....       28%         2    ##.....
c - Slow                  Hex            #.......     28%         2    ##.....


Dungeon Overview and Level Annotations

Branches:
Dungeon (1/15)

Altars:


Innate Abilities, Weirdness & Mutations

You cannot wear boots.
Your serpentine skin is tough (AC +0).
You have supernaturally acute eyesight.
Armour fits poorly on your strangely shaped body.
Your system is resistant to poisons.
You cover ground very slowly.
You have a slow metabolism.
You can spit poison.


Message History

The jackal bites you.
You closely miss the jackal.
The jackal is moderately wounded.
The jackal bites you.
* * * LOW HITPOINT WARNING * * *
A jackal comes into view.
The jackal barks!
You hit the jackal.
The jackal is heavily wounded.
The jackal bites you.
* * * LOW HITPOINT WARNING * * *
The jackal closely misses you.
You miss the jackal.
The jackal is heavily wounded.
The jackal bites you.
* * * LOW HITPOINT WARNING * * *
You barely miss the jackal.
The jackal is heavily wounded.
The jackal bites you.
You die...

#######).# #...#######.#
.........# #######.## #.#
.........# #.......# #.#
.......#.####.......# #.#
.......#....#.......# #.#
.......#....#.......# #.#
.......#>...'.......# #.#
.......######[......# #.#
.......##......h@...# #.#
.......##..(.###h#### #.#
.............# #.# #.#
.............# #.# #.#
.............###.# #.#
.................###########.####
..........)...#..................
.......#......#..............###.
..............#..............#...


You could see 2 jackals.

Vanquished Creatures
  A giant gecko (D:1)
  2 goblins (D:1)
  A hobgoblin (D:1)
  A jackal (D:1)
  2 kobolds (D:1)
  3 bats (D:1)
  3 giant newts (D:1)
  2 rats (D:1)
15 creatures vanquished.

Notes
Turn   | Place    | Note
--------------------------------------------------------------
     0 | D:1      | Leszczynek the Naga Wizard began the quest for the Orb.
     0 | D:1      | Reached XP level 1. HP: 15/15 MP: 4/4
   196 | D:1      | Reached skill level 1 in Unarmed Combat
   398 | D:1      | Reached XP level 2. HP: 22/22 MP: 4/6
   406 | D:1      | Learned a level 2 spell: Repel Missiles
   409 | D:1      | Learned a level 2 spell: Slow
   901 | D:1      | HP: 1/22 [jackal (3)]
   902 | D:1      | Slain by a jackal

Vault maps used:
D:1:      dpeg_arrival_houses_and_road, hangedman_decor_peaks_small

Action                   || total
-------------------------++-------
Melee: Unarmed           ||    32
 Cast: Magic Dart        ||    28
       Repel Missiles    ||     1
 Stab: Sleeping          ||     1
